[Event "M21"]
[Site "?"]
[Date "2024.08.01"]
[Round "7"]
[White "Novak, Jindrich"]
[Black "Kalisky, Vladimir"]
[Result "0-1"]
[ECO "A49"]
[WhiteElo "2011"]
[BlackElo "2128"]
[Annotator ",martin-koller@seznam"]
[PlyCount "100"]
[TimeControl "240+2"]

{600MB, Fritz10.ctg} 1. d4 Nf6 2. Nf3 d6 3. b3 g6 4. Bb2 Bg7 5. Nbd2 O-O 6. g3
Nc6 7. Bg2 e5 8. dxe5 Ng4 9. O-O Ngxe5 10. Nxe5 Nxe5 11. Kh1 c6 12. Nf3 Re8 13.
Nxe5 dxe5 14. Qxd8 Rxd8 15. Bc3 Bf5 16. e4 Be6 17. Rfd1 f6 18. Bb4 Bf8 19. Bxf8
Kxf8 20. Kg1 a5 21. Kf1 Rxd1+ 22. Rxd1 a4 23. Ke1 axb3 24. axb3 Ke7 25. Kd2 Ra2
26. Kc1 b5 27. Kb1 Ra3 28. Kb2 b4 29. Bf1 g5 30. Bd3 Ra7 31. f3 h6 32. Rh1 Kd6
33. Rd1 Kc5 34. Be2 Rd7 35. Bd3 f5 36. Re1 f4 37. Rd1 Bh3 38. gxf4 exf4 39. Rd2
h5 40. Kc1 g4 41. fxg4 hxg4 42. Rf2 g3 43. hxg3 fxg3 44. Rf3 Rg7 45. Bf1 Bxf1
46. Rxf1 g2 47. Rg1 Kd4 48. Kd2 Kxe4 49. Ke2 Kd4 50. Kd2 Rg3 0-1

[Event "K21"]
[Site "?"]
[Date "2024.08.01"]
[Round "7"]
[White "Plesnivy, Martin"]
[Black "Reichmann, Steffen"]
[Result "1/2-1/2"]
[ECO "A85"]
[WhiteElo "1869"]
[BlackElo "1951"]
[Annotator ",martin-koller@seznam"]
[PlyCount "32"]
[TimeControl "240+2"]

{600MB, Fritz10.ctg} 1. d4 d6 2. c4 f5 3. Nc3 Nf6 4. Bg5 Nbd7 5. Qc2 g6 6. e4
fxe4 7. Nxe4 Bg7 8. Nf3 Nxe4 9. Qxe4 Nf6 10. Qc2 c6 11. Bd3 Qa5+ 12. Bd2 Qh5
13. O-O-O Bg4 14. Be2 Qf5 15. Bd3 Qh5 16. Be2 Qf5 1/2-1/2

[Event "K21"]
[Site "?"]
[Date "2024.08.01"]
[Round "7"]
[White "Adelmeyer, Nelly"]
[Black "Spindler, Markus"]
[Result "1/2-1/2"]
[ECO "D05"]
[WhiteElo "1846"]
[BlackElo "1901"]
[Annotator ",martin-koller@seznam"]
[PlyCount "51"]
[TimeControl "240+2"]

{600MB, Fritz10.ctg} 1. d4 d5 2. e3 e6 3. Bd3 Bd6 4. Nd2 Nf6 5. Ngf3 O-O 6. b3
Nc6 7. Bb2 Nb4 8. Be2 b6 9. c3 Nc6 10. O-O Bb7 11. Qc2 Rc8 12. Bd3 h6 13. Rac1
Ne7 14. e4 dxe4 15. Nxe4 Nxe4 16. Bxe4 Bxe4 17. Qxe4 Nd5 18. c4 Nf6 19. Qe2 c5
20. dxc5 Bxc5 21. Rfd1 Qe7 22. Rd3 Rfd8 23. Rcd1 Rxd3 24. Qxd3 a6 25. Ne5 Kf8
26. h3 1/2-1/2

[Event "K21"]
[Site "?"]
[Date "2024.08.01"]
[Round "7"]
[White "Suchy, Ladislav"]
[Black "Smisek, Robin"]
[Result "1/2-1/2"]
[ECO "C45"]
[WhiteElo "1856"]
[BlackElo "1653"]
[Annotator ",martin-koller@seznam"]
[PlyCount "55"]
[TimeControl "240+2"]

{600MB, Fritz10.ctg} 1. e4 e5 2. Nf3 Nc6 3. d4 exd4 4. Nxd4 Bb4+ 5. Nc3 Bxc3+
6. bxc3 d5 7. Bd3 Nge7 8. O-O O-O 9. f4 Nxd4 10. cxd4 Nc6 11. c3 f5 12. e5 Be6
13. Rf3 Ne7 14. Ba3 Rf7 15. Bxe7 Qxe7 16. Qb3 c5 17. c4 Rd8 18. Rd1 Qc7 19. Rf2
cxd4 20. Rc2 Qd7 21. c5 Rc8 22. Qb4 a6 23. Qxd4 Qc6 24. a4 Rfc7 25. Rdc1 Qe8
26. a5 Qe7 27. Qb4 Rc6 28. g3 1/2-1/2

[Event "K21"]
[Site "?"]
[Date "2024.08.01"]
[Round "7"]
[White "Roubik, Vit"]
[Black "Artamonov, Mikhail"]
[Result "1/2-1/2"]
[ECO "E68"]
[WhiteElo "1813"]
[BlackElo "1800"]
[Annotator ",martin-koller@seznam"]
[PlyCount "62"]
[TimeControl "240+2"]

{600MB, Fritz10.ctg} 1. d4 Nf6 2. c4 d6 3. g3 g6 4. Bg2 Bg7 5. Nf3 O-O 6. O-O
Nbd7 7. Nc3 e5 8. e4 Re8 9. d5 Nc5 10. Re1 a5 11. b3 Nfd7 12. Nh4 Rf8 13. Qc2
Nb6 14. Rb1 f5 15. exf5 g5 16. Nf3 Bxf5 17. Ne4 Nxe4 18. Rxe4 Bxe4 19. Qxe4 h6
20. h4 gxh4 21. Nxh4 Qf6 22. Be3 Nc8 23. Bh3 Ne7 24. Be6+ Kh8 25. Kg2 c6 26.
Rh1 Rad8 27. Nf3 Nf5 28. Bg5 cxd5 29. cxd5 Qg6 30. Bxd8 Ne3+ 31. Qxe3 Rxd8
1/2-1/2

[Event "K21"]
[Site "?"]
[Date "2024.08.01"]
[Round "7"]
[White "Nelson, Wayne"]
[Black "Feierfeil, Jiri"]
[Result "1/2-1/2"]
[ECO "D00"]
[WhiteElo "1886"]
[BlackElo "1738"]
[Annotator ",martin-koller@seznam"]
[PlyCount "132"]
[TimeControl "240+2"]

{600MB, Fritz10.ctg} 1. d4 Nf6 2. Bf4 d5 3. e3 Nbd7 4. Nf3 g6 5. Nc3 a6 6. Be2
Bg7 7. h3 b5 8. O-O O-O 9. Ne5 Bb7 10. Bf3 e6 11. a3 Rc8 12. b4 Ne4 13. Bxe4
dxe4 14. Nxd7 Qxd7 15. Qe2 Qc6 16. Nd1 Rfe8 17. Rc1 e5 18. dxe5 Bxe5 19. Bxe5
Rxe5 20. c4 Qe6 21. cxb5 axb5 22. Rc5 Rxc5 23. bxc5 Bd5 24. Qb2 Bc4 25. Re1 Ra8
26. Nc3 c6 27. Qb4 h5 28. a4 bxa4 29. Nxa4 Rd8 30. Nb6 Bb5 31. Ra1 Kh7 32. Qb2
h4 33. Ra7 g5 34. Ra8 Rxa8 35. Nxa8 Qe7 36. Qd4 f6 37. Nb6 Kg6 38. Nc8 Qe6 39.
Nd6 Bd3 40. f3 f5 41. fxe4 fxe4 42. Qh8 Bc2 43. Ne8 Qf7 44. Qe5 Bd3 45. Qd6+
Kf5 46. Qxc6 Qe7 47. Nd6+ Ke5 48. Nc8 Qd8 49. Nb6 Kf5 50. Nc8 Ke5 51. Nd6 Qe7
52. Qc8 Qe6 53. Qh8+ Kd5 54. Qd4+ Kc6 55. Qb4 Kd5 56. Nb7 g4 57. Qb6 gxh3 58.
gxh3 Qe7 59. Qh6 Qxb7 60. Qxh4 Qb1+ 61. Kh2 Qb2+ 62. Kg3 Kxc5 63. Qe7+ Kc4 64.
Qc7+ Kb3 65. Qb7+ Kc2 66. Qxb2+ Kxb2 1/2-1/2

[Event "M21"]
[Site "?"]
[Date "2024.08.01"]
[Round "8"]
[White "Hanl, Frantisek"]
[Black "Dome, Michal"]
[Result "1-0"]
[ECO "C00"]
[WhiteElo "2098"]
[BlackElo "1932"]
[Annotator ",martin-koller@seznam"]
[PlyCount "77"]
[TimeControl "240+2"]

{600MB, Fritz10.ctg} 1. e4 e6 2. d3 d5 3. Nd2 Nf6 4. Ngf3 c5 5. g3 Nc6 6. Bg2
Be7 7. O-O O-O 8. Re1 b5 9. e5 Nd7 10. Nf1 Bb7 11. h4 Qc7 12. Bf4 Nd4 13. Nxd4
cxd4 14. Nh2 Rfc8 15. Rc1 Qa5 16. a3 Nb6 17. Bd2 b4 18. Qg4 Qb5 19. Nf3 bxa3
20. b3 a5 21. Nxd4 Qd7 22. h5 Kh8 23. Bh3 Ra6 24. h6 g6 25. Qf3 Kg8 26. Ra1 Na8
27. Bc1 Bf8 28. Qf4 Qd8 29. Bxa3 g5 30. Qg4 Bxh6 31. Bc1 Kh8 32. Qh5 Qf8 33.
Bxg5 Bxg5 34. Qxg5 Qg7 35. Qd2 Rc5 36. b4 axb4 37. Rxa6 Bxa6 38. Qxb4 Qf8 39.
Bxe6 1-0

[Event "M21"]
[Site "?"]
[Date "2024.08.01"]
[Round "8"]
[White "Schambach, Frank"]
[Black "Sokolovsky, Jakub"]
[Result "1/2-1/2"]
[ECO "B23"]
[WhiteElo "1942"]
[BlackElo "2032"]
[Annotator ",martin-koller@seznam"]
[PlyCount "178"]
[TimeControl "240+2"]

{600MB, Fritz10.ctg} 1. e4 c5 2. Nc3 d6 3. Bc4 g6 4. f4 Bg7 5. Nf3 Nc6 6. O-O
e6 7. f5 exf5 8. d3 h6 9. exf5 Bxf5 10. Qe1+ Nge7 11. Nh4 O-O 12. Nxf5 Nxf5 13.
Rxf5 gxf5 14. Qg3 Kh7 15. Qh3 Qf6 16. Nd5 Qd4+ 17. Be3 Qg4 18. Nf6+ Bxf6 19.
Qxh6+ Kg8 20. Qxf6 Rae8 21. h3 Qg7 22. Bg5 Qxf6 23. Bxf6 Kh7 24. Rf1 Kg6 25.
Bh4 Re2 26. d4 Re4 27. g4 Nxd4 28. Bd3 Re3 29. Kg2 f6 30. Bf2 Re7 31. c3 Nc6
32. Bxf5+ Kg7 33. h4 Re2 34. b4 Rxa2 35. bxc5 dxc5 36. Kg1 b6 37. h5 Rxf2 38.
Kxf2 Kh6 39. Rd1 Rd8 40. Re1 Ne5 41. Ra1 a5 42. Rb1 Rd6 43. Kg3 a4 44. Kf4 Nf7
45. Re1 Kg7 46. Re7 Kf8 47. Ra7 b5 48. Rb7 b4 49. cxb4 Rd4+ 50. Ke3 Rxb4 51.
Rc7 Rb3+ 52. Kd2 Nh6 53. Be6 Rb4 54. Kc3 Nxg4 55. Rxc5 Rf4 56. Rc7 Ne5 57. h6
Rh4 58. h7 Nf3 59. Rf7+ Ke8 60. Rg7 Ng5 61. Bf5 Nxh7 62. Bxh7 Kf8 63. Ra7 a3
64. Kb3 Rh3+ 65. Ka2 Re3 66. Bg6 Rg3 67. Be4 Re3 68. Bd5 f5 69. Rf7+ Ke8 70.
Rxf5 Ke7 71. Bb3 Kd6 72. Kxa3 Re5 73. Rf6+ Kc5 74. Rf8 Kd4 75. Kb4 Re7 76. Rd8+
Ke5 77. Kc3 Rc7+ 78. Bc4 Re7 79. Rd5+ Ke4 80. Rd1 Rc7 81. Re1+ Kf4 82. Kd4 Rd7+
83. Bd5 Kg3 84. Rf1 Rd8 85. Rf6 Kg4 86. Ke4 Re8+ 87. Be6+ Kg3 88. Ke3 Kg2 89.
Ke2 Kg3 1/2-1/2

[Event "M21"]
[Site "?"]
[Date "2024.08.01"]
[Round "8"]
[White "Hentzgen, Thomas"]
[Black "Adelmeyer, Matti"]
[Result "0-1"]
[ECO "A21"]
[WhiteElo "1964"]
[BlackElo "1980"]
[Annotator ",martin-koller@seznam"]
[PlyCount "96"]
[TimeControl "240+2"]

{600MB, Fritz10.ctg} 1. c4 e5 2. Nc3 Bb4 3. Nd5 Ba5 4. b4 c6 5. bxa5 cxd5 6.
cxd5 Nf6 7. Qa4 O-O 8. e4 d6 9. Bd3 Na6 10. Ba3 Bd7 11. Qb3 Nc5 12. Bxc5 dxc5
13. Ne2 Qxa5 14. Qc3 Qc7 15. O-O b6 16. Rac1 Nh5 17. f3 Qd6 18. Kh1 g5 19. Rf2
Nf4 20. Nxf4 gxf4 21. g3 Qf6 22. Rg1 Kh8 23. gxf4 Qxf4 24. Bf1 Rg8 25. Qe3
Rxg1+ 26. Kxg1 Rg8+ 27. Kh1 Qxe3 28. dxe3 f6 29. f4 Kg7 30. Be2 b5 31. Kg1 Kf7+
32. Kf1 Ke7 33. fxe5 fxe5 34. Ke1 c4 35. a4 c3 36. Bxb5 Bxb5 37. Rc2 Bd3 38.
Rxc3 Bxe4 39. Rc7+ Kd6 40. Rxa7 Kxd5 41. h4 Rg2 42. a5 Rh2 43. a6 Rxh4 44. Rg7
Rh2 45. a7 Ra2 46. Kf1 Bg6 47. Re7 e4 48. Kg1 Kc6 0-1

[Event "M21"]
[Site "?"]
[Date "2024.08.01"]
[Round "8"]
[White "Hartwig, Maik"]
[Black "Novak, Jindrich"]
[Result "1/2-1/2"]
[ECO "B07"]
[WhiteElo "1999"]
[BlackElo "2011"]
[Annotator ",martin-koller@seznam"]
[PlyCount "119"]
[TimeControl "240+2"]

{600MB, Fritz10.ctg} 1. d4 d6 2. e4 Nf6 3. Nc3 e5 4. dxe5 dxe5 5. Qxd8+ Kxd8 6.
Bg5 c6 7. f3 Be6 8. g3 h6 9. Be3 Nfd7 10. Bh3 Bxh3 11. Nxh3 Bc5 12. Ke2 Kc7 13.
Rhd1 Na6 14. a3 Bxe3 15. Kxe3 Nac5 16. Nf2 Rad8 17. Nd3 f6 18. Nxc5 Nxc5 19.
Rxd8 Rxd8 20. Rd1 Ne6 21. Rxd8 Kxd8 22. Ne2 Kc7 23. f4 a5 24. f5 Ng5 25. h4 Nf7
26. Nc3 Nd6 27. b3 b5 28. a4 Kb6 29. Kd3 Nb7 30. axb5 Nc5+ 31. Kc4 cxb5+ 32.
Kd5 a4 33. b4 Na6 34. Na2 Nb8 35. Ke6 Nc6 36. c3 Nd4+ 37. Kf7 Ne2 38. Kxg7 Nxg3
39. Kxf6 Nxe4+ 40. Kxe5 Nd2 41. Ke6 Nf3 42. h5 Kc6 43. f6 Ng5+ 44. Ke7 Kd5 45.
f7 Nh7 46. f8=Q Nxf8 47. Kxf8 Kc4 48. Kg7 Kb3 49. Kxh6 Kxa2 50. Kg6 Kb3 51. h6
a3 52. h7 a2 53. h8=Q a1=Q 54. Qg8+ Kc2 55. Qd5 Qa6+ 56. Kf5 Kxc3 57. Qc5+ Kb3
58. Qd5+ Kb2 59. Qd2+ Kb3 60. Qd3+ 1/2-1/2

[Event "M21"]
[Site "?"]
[Date "2024.08.01"]
[Round "8"]
[White "Kalisky, Vladimir"]
[Black "Vavrinec, Tomas"]
[Result "1-0"]
[ECO "A39"]
[WhiteElo "2128"]
[BlackElo "1933"]
[Annotator ",martin-koller@seznam"]
[PlyCount "107"]
[TimeControl "240+2"]

{600MB, Fritz10.ctg} 1. c4 c5 2. Nc3 Nc6 3. Nf3 Nf6 4. g3 g6 5. Bg2 Bg7 6. O-O
O-O 7. d4 cxd4 8. Nxd4 Nxd4 9. Qxd4 d6 10. Qd3 a6 11. Rd1 Qa5 12. Bd2 Qh5 13.
h4 Rb8 14. Rac1 h6 15. b3 Be6 16. Nd5 Nxd5 17. cxd5 Bf5 18. Qe3 Rfe8 19. Rc4 e6
20. Bf3 exd5 21. Qa7 Qxf3 22. exf3 dxc4 23. bxc4 Bd3 24. Bxh6 Be2 25. Re1 Bxf3
26. Re3 Bc6 27. Bxg7 Kxg7 28. g4 Rxe3 29. Qxe3 Re8 30. Qd4+ Kh7 31. f3 Re6 32.
Kf2 b5 33. cxb5 Bxb5 34. Kg3 Bc6 35. Qa7 Rf6 36. f4 Bd5 37. Qxa6 Re6 38. Kf2
Rf6 39. Ke3 Re6+ 40. Kf2 Rf6 41. Kg3 Re6 42. a4 Bb3 43. Qb5 Re3+ 44. Kf2 Rh3
45. a5 Be6 46. a6 Ra3 47. Qb7 Ra2+ 48. Ke1 Ra1+ 49. Kd2 Ra2+ 50. Kc3 Ra3+ 51.
Kb2 Ra2+ 52. Kb1 Ra5 53. a7 Bd5 54. Qxd5 1-0

[Event "K21"]
[Site "?"]
[Date "2024.08.01"]
[Round "8"]
[White "Nelson, Wayne"]
[Black "Suchy, Ladislav"]
[Result "1/2-1/2"]
[ECO "D02"]
[WhiteElo "1886"]
[BlackElo "1856"]
[Annotator ",martin-koller@seznam"]
[PlyCount "29"]
[TimeControl "240+2"]

{600MB, Fritz10.ctg} 1. d4 d5 2. Bf4 Bf5 3. Nf3 e6 4. e3 Bd6 5. Bxd6 Qxd6 6. a3
Nc6 7. c4 dxc4 8. Bxc4 Nf6 9. Nc3 O-O 10. O-O Rad8 11. Qe2 Bg4 12. h3 Bh5 13.
Rad1 Qe7 14. g4 Bg6 15. Bd3 1/2-1/2

[Event "K21"]
[Site "?"]
[Date "2024.08.01"]
[Round "8"]
[White "Reichmann, Steffen"]
[Black "Roubik, Vit"]
[Result "1/2-1/2"]
[ECO "B24"]
[WhiteElo "1951"]
[BlackElo "1813"]
[Annotator ",martin-koller@seznam"]
[PlyCount "25"]
[TimeControl "240+2"]

{600MB, Fritz10.ctg} 1. e4 c5 2. Nc3 Nc6 3. g3 g6 4. Bg2 Bg7 5. d3 e6 6. f4
Nge7 7. e5 d6 8. exd6 Qxd6 9. Ne4 Qc7 10. Nf3 b6 11. O-O O-O 12. c3 Rd8 13. Qc2
1/2-1/2

[Event "K21"]
[Site "?"]
[Date "2024.08.01"]
[Round "8"]
[White "Spindler, Markus"]
[Black "Plesnivy, Martin"]
[Result "1/2-1/2"]
[ECO "B22"]
[WhiteElo "1901"]
[BlackElo "1869"]
[Annotator ",martin-koller@seznam"]
[PlyCount "56"]
[TimeControl "240+2"]

{600MB, Fritz10.ctg} 1. e4 c5 2. c3 d5 3. exd5 Qxd5 4. d4 Nf6 5. Nf3 Nc6 6. Be3
cxd4 7. cxd4 Bg4 8. Nc3 Qa5 9. Be2 e6 10. O-O Bb4 11. h3 Bh5 12. Qb3 O-O 13. a3
Bxc3 14. bxc3 Qc7 15. Rfe1 Rac8 16. Rac1 b6 17. Qa4 Rfd8 18. Ba6 Ra8 19. Nd2 h6
20. Bb5 Ne7 21. Bd3 Bg6 22. Qc2 Bxd3 23. Qxd3 Ned5 24. c4 Nxe3 25. fxe3 e5 26.
d5 Rac8 27. Ne4 Nxe4 28. Qxe4 Qd6 1/2-1/2

[Event "K21"]
[Site "?"]
[Date "2024.08.01"]
[Round "8"]
[White "Smisek, Robin"]
[Black "Adelmeyer, Nelly"]
[Result "1-0"]
[ECO "B76"]
[WhiteElo "1653"]
[BlackElo "1846"]
[Annotator ",martin-koller@seznam"]
[PlyCount "109"]
[TimeControl "240+2"]

{600MB, Fritz10.ctg} 1. e4 c5 2. Nf3 Nc6 3. d4 cxd4 4. Nxd4 d6 5. Nc3 Nf6 6.
Bc4 g6 7. f3 Bg7 8. Be3 O-O 9. Nxc6 bxc6 10. Qd2 Re8 11. O-O-O Nd7 12. f4 c5
13. Bxf7+ Kxf7 14. Qd5+ e6 15. Qxa8 Qb6 16. e5 Bb7 17. Na4 Qa6 18. Rxd6 Rxa8
19. Rxa6 Bxa6 20. Rd1 Nb6 21. Nxc5 Bc4 22. Ne4 Bd5 23. Nd6+ Ke7 24. g3 Nc4 25.
Nxc4 Bxc4 26. b3 Bd5 27. c4 Bc6 28. Rd6 Bd7 29. Bc5 Ke8 30. Ra6 Bf8 31. Rxa7
Rxa7 32. Bxa7 Ba3+ 33. Kc2 Bc6 34. Kc3 Be7 35. b4 Kd7 36. b5 Ba8 37. c5 Bd5 38.
c6+ Kc7 39. a4 Ba3 40. a5 Bg2 41. a6 Kc8 42. b6 Bxc6 43. b7+ Bxb7 44. axb7+
Kxb7 45. Bd4 Kc6 46. Kc4 Be7 47. Be3 Bf8 48. Kd4 Bc5+ 49. Ke4 Bxe3 50. Kxe3 Kd5
51. g4 g5 52. fxg5 Kxe5 53. h3 Kd5 54. h4 Ke5 55. h5 1-0

[Event "K21"]
[Site "?"]
[Date "2024.08.01"]
[Round "8"]
[White "Feierfeil, Jiri"]
[Black "Artamonov, Mikhail"]
[Result "1-0"]
[ECO "E87"]
[WhiteElo "1738"]
[BlackElo "1800"]
[Annotator ",martin-koller@seznam"]
[PlyCount "120"]
[TimeControl "240+2"]

{600MB, Fritz10.ctg} 1. d4 Nf6 2. c4 d6 3. Nc3 g6 4. e4 Bg7 5. f3 O-O 6. Be3 e5
7. d5 Nbd7 8. Bd3 Nc5 9. Bc2 Nfd7 10. g4 Nb6 11. b3 Bh6 12. Qd2 Bxe3 13. Qxe3
Qh4+ 14. Kd2 a5 15. Nb5 Qe7 16. h4 a4 17. Ne2 Na6 18. h5 g5 19. h6 f6 20. Ng3
Nc5 21. Ke2 axb3 22. axb3 Rxa1 23. Rxa1 Qd8 24. Qc3 c6 25. dxc6 bxc6 26. Na3
Ne6 27. Kf2 Nf4 28. Bd1 Nd7 29. b4 Qb6+ 30. c5 dxc5 31. Qc4+ Kh8 32. b5 cxb5
33. Qxb5 Qd6 34. Nc2 Qd2+ 35. Ne2 Nxe2 36. Qxe2 Qxe2+ 37. Bxe2 Nb6 38. Rb1 Nd7
39. Bc4 Re8 40. Ne3 Nf8 41. Rb8 Bd7 42. Rb6 Be6 43. Bxe6 Rxe6 44. Rb7 Rd6 45.
Nd5 Re6 46. Ke3 c4 47. Rc7 Rd6 48. Rxc4 f5 49. gxf5 Rxh6 50. Rc8 Kg8 51. Ne7+
Kf7 52. Nc6 Nd7 53. Rd8 Rxc6 54. Rxd7+ Kf6 55. Rxh7 Rc3+ 56. Kf2 Rc2+ 57. Kg3
Rc1 58. Rh6+ Kg7 59. Rg6+ Kf7 60. Kf2 Rc2+ 1-0

[Event "M21"]
[Site "?"]
[Date "2024.08.02"]
[Round "9"]
[White "Dome, Michal"]
[Black "Schambach, Frank"]
[Result "1/2-1/2"]
[ECO "E35"]
[WhiteElo "1932"]
[BlackElo "1942"]
[Annotator ",martin-koller@seznam"]
[PlyCount "78"]
[TimeControl "240+2"]

{600MB, Fritz10.ctg} 1. d4 Nf6 2. c4 e6 3. Nc3 Bb4 4. Qc2 d5 5. cxd5 exd5 6. a3
Bxc3+ 7. bxc3 O-O 8. e3 c5 9. Nf3 c4 10. Nd2 Re8 11. g3 b6 12. Bg2 Bb7 13. Nxc4
Ba6 14. Ne5 Nbd7 15. Nd3 Rc8 16. Bb2 Re6 17. a4 Ne4 18. Nf4 Rf6 19. f3 Ng5 20.
Nxd5 Nxf3+ 21. Kd1 Ng5 22. Nxf6+ Nxf6 23. h4 Ne6 24. Qf5 Nc5 25. Bf1 Bb7 26.
Rg1 Be4 27. Qf4 Qd7 28. Bb5 Qd8 29. Ke2 Ne6 30. Qf1 Qe7 31. Ba3 Qd8 32. Rc1 Qd5
33. c4 Qh5+ 34. Kd2 Bf5 35. Ke1 Ne4 36. Qe2 Bg4 37. Qd3 Bf5 38. Qe2 Bg4 39. Qd3
Bf5 1/2-1/2

[Event "M21"]
[Site "?"]
[Date "2024.08.02"]
[Round "9"]
[White "Adelmeyer, Matti"]
[Black "Hanl, Frantisek"]
[Result "0-1"]
[ECO "B27"]
[WhiteElo "1980"]
[BlackElo "2096"]
[Annotator ",martin-koller@seznam"]
[PlyCount "135"]
[TimeControl "240+2"]

{600MB, Fritz10.ctg} 1. e4 c5 2. c3 g6 3. d4 cxd4 4. cxd4 d5 5. e5 Nc6 6. h3
Bg7 7. Nf3 f6 8. exf6 Nxf6 9. Bb5 O-O 10. O-O Ne4 11. Nc3 Rxf3 12. gxf3 Nd6 13.
Be3 Nxb5 14. Nxb5 Bxh3 15. Re1 e6 16. f4 a6 17. Qf3 Bf5 18. Nc3 Bxd4 19. Rad1
Bg7 20. Ne2 h5 21. Bd4 Bg4 22. Qe3 Nxd4 23. Nxd4 Bxd1 24. Qxe6+ Kh7 25. Rxd1
Qh4 26. Nf3 Qxf4 27. Qxd5 Rf8 28. Rd3 b5 29. b3 Kh6 30. Kg2 Rf5 31. Qd6 Be5 32.
Qd5 h4 33. Nxe5 Rxe5 34. Qf3 Qg5+ 35. Kf1 Rf5 36. Qe3 Qxe3 37. Rxe3 a5 38. Kg2
b4 39. Re6 Kh5 40. Re8 g5 41. f3 Rc5 42. Re2 Kg6 43. Kh3 Kf5 44. Kg2 Rc1 45.
Rd2 Kf4 46. Kf2 Rc5 47. Rd4+ Ke5 48. Rd2 Rc3 49. Re2+ Kf4 50. Re4+ Kf5 51. Re2
h3 52. Rd2 h2 53. Kg2 Ke5 54. Re2+ Kf4 55. Re4+ Kf5 56. Kxh2 Rxf3 57. Re2 Rc3
58. Kg2 Kf4 59. Kf2 g4 60. Kg2 g3 61. Kh3 Rc8 62. Kg2 Rh8 63. Kg1 Rh2 64. Re8
Rxa2 65. Ra8 Ke4 66. Rg8 g2 67. Rg3 Kd4 68. Rg7 0-1

[Event "M21"]
[Site "?"]
[Date "2024.08.02"]
[Round "9"]
[White "Sokolovsky, Jakub"]
[Black "Kalisky, Vladimir"]
[Result "1/2-1/2"]
[ECO "C65"]
[WhiteElo "2032"]
[BlackElo "2128"]
[Annotator ",martin-koller@seznam"]
[PlyCount "98"]
[TimeControl "240+2"]

{600MB, Fritz10.ctg} 1. e4 e5 2. Nf3 Nc6 3. Bb5 Nf6 4. O-O Bc5 5. c3 O-O 6. d4
Bb6 7. Re1 d6 8. h3 h6 9. Bxc6 bxc6 10. dxe5 dxe5 11. Qxd8 Rxd8 12. Nxe5 Nxe4
13. Be3 Bxe3 14. fxe3 c5 15. Na3 f6 16. Nec4 Be6 17. Rad1 a6 18. Kf1 Nd6 19.
Nxd6 cxd6 20. c4 Kf7 21. b3 Ke7 22. e4 a5 23. Nb5 a4 24. Rd2 axb3 25. axb3 Ra5
26. Red1 Rxb5 27. cxb5 Bxb3 28. Rb1 c4 29. Rdb2 Rb8 30. Rxb3 cxb3 31. Rxb3 Ke6
32. Kf2 d5 33. Ke3 Ke5 34. exd5 Kxd5 35. b6 Rb7 36. Kf4 g6 37. g4 Kc5 38. h4
Rxb6 39. Rxb6 Kxb6 40. h5 gxh5 41. gxh5 Kc6 42. Kf5 Kd5 43. Kxf6 Kd6 44. Kg7
Ke7 45. Kxh6 Kf6 46. Kh7 Kf7 47. h6 Kf8 48. Kh8 Kf7 49. h7 Kf8 1/2-1/2

[Event "M21"]
[Site "?"]
[Date "2024.08.02"]
[Round "9"]
[White "Novak, Jindrich"]
[Black "Hentzgen, Thomas"]
[Result "1-0"]
[ECO "A40"]
[WhiteElo "2011"]
[BlackElo "1964"]
[Annotator ",martin-koller@seznam"]
[PlyCount "72"]
[TimeControl "240+2"]

{600MB, Fritz10.ctg} 1. d4 e6 2. Nf3 b6 3. Bf4 Bb7 4. Nbd2 d6 5. e3 h6 6. Bb5+
Nd7 7. Qe2 Ngf6 8. Ba6 Qc8 9. Bxb7 Qxb7 10. a4 a5 11. O-O Be7 12. e4 O-O 13. c3
Rfe8 14. e5 Nd5 15. Bg3 Rad8 16. Ne4 Nf8 17. Qb5 Qa8 18. Rfe1 Ng6 19. exd6 cxd6
20. c4 Nb4 21. Rad1 Qa6 22. Qxa6 Nxa6 23. d5 e5 24. Nc3 Nc5 25. h3 Bf6 26. Nd2
Bg5 27. Nde4 Bf4 28. Nb5 Nxe4 29. Rxe4 Bxg3 30. fxg3 Re7 31. g4 Nf8 32. Rd3 Nh7
33. Re2 Nf6 34. Nc3 Rc8 35. b3 neèitelné 1-0

[Event "M21"]
[Site "?"]
[Date "2024.08.02"]
[Round "9"]
[White "Vavrinec, Tomas"]
[Black "Hartwig, Maik"]
[Result "1/2-1/2"]
[ECO "A11"]
[WhiteElo "1933"]
[BlackElo "1999"]
[Annotator ",martin-koller@seznam"]
[PlyCount "117"]
[TimeControl "240+2"]

{600MB, Fritz10.ctg} 1. Nf3 d5 2. c4 c6 3. g3 g6 4. Bg2 Bg7 5. O-O dxc4 6. a4
e5 7. Na3 Be6 8. Qc2 Ne7 9. Nxc4 Bxc4 10. Qxc4 Qd5 11. Qb4 Qd7 12. d3 O-O 13.
Rb1 Nd5 14. Qh4 Qd8 15. Bg5 f6 16. Bd2 a5 17. Qc4 Kh8 18. e4 Nb6 19. Qb3 c5 20.
Rfc1 N8d7 21. Qb5 Qe7 22. Bh3 f5 23. exf5 gxf5 24. Bxa5 Qd6 25. b4 Qd5 26. Bg2
e4 27. Nd2 Bh6 28. bxc5 Nxa4 29. dxe4 fxe4 30. Nxe4 Qc6 31. Bc3+ Nxc3 32. Rxc3
Qxb5 33. Rxb5 Ra1+ 34. Bf1 Bg7 35. Rcb3 Bd4 36. Rd3 Ne5 37. Rxd4 Nf3+ 38. Kg2
Nxd4 39. Rxb7 Nf3 40. c6 Ne1+ 41. Kh3 Rc1 42. Bb5 Nf3 43. g4 Nd4 44. g5 Nxb5
45. Nf6 Rc3+ 46. Kg4 Rxf6 47. gxf6 h5+ 48. Kxh5 Nd6 49. Rd7 Rxc6 50. Kg6 Ne8
51. Rf7 Kg8 52. h4 Rc2 53. Re7 Nxf6 54. Kxf6 Rxf2+ 55. Kg6 Rf8 56. h5 Ra8 57.
Re6 Rb8 58. h6 Ra8 59. Rb6 1/2-1/2

[Event "K21"]
[Site "?"]
[Date "2024.08.02"]
[Round "9"]
[White "Suchy, Ladislav"]
[Black "Feierfeil, Jiri"]
[Result "1-0"]
[ECO "B90"]
[WhiteElo "1856"]
[BlackElo "1738"]
[Annotator ",martin-koller@seznam"]
[PlyCount "32"]
[TimeControl "240+2"]

{600MB, Fritz10.ctg} 1. e4 c5 2. Nf3 d6 3. d4 cxd4 4. Nxd4 Nf6 5. Nc3 a6 6. Bd3
g6 7. h3 Bg7 8. Be3 b5 9. Qd2 Bb7 10. a3 Nbd7 11. Bh6 O-O 12. Bxg7 Kxg7 13. O-O
Nc5 14. Rfe1 Rc8 15. Qg5 h6 16. Nf5+ Kh8 1-0

[Event "K21"]
[Site "?"]
[Date "2024.08.02"]
[Round "9"]
[White "Roubik, Vit"]
[Black "Spindler, Markus"]
[Result "1/2-1/2"]
[ECO "D30"]
[WhiteElo "1813"]
[BlackElo "1901"]
[Annotator ",martin-koller@seznam"]
[PlyCount "34"]
[TimeControl "240+2"]

{600MB, Fritz10.ctg} 1. d4 d5 2. c4 c6 3. g3 e6 4. Bg2 f5 5. Qc2 Nf6 6. Nd2 Bd6
7. Ndf3 O-O 8. Nh3 Qe7 9. Bf4 Ne4 10. c5 Bxf4 11. Nxf4 Nd7 12. Nd3 Ndf6 13. b4
Bd7 14. Nfe5 Rfc8 15. O-O b6 16. Qc1 bxc5 17. bxc5 Rcb8 1/2-1/2

[Event "K21"]
[Site "?"]
[Date "2024.08.02"]
[Round "9"]
[White "Plesnivy, Martin"]
[Black "Smisek, Robin"]
[Result "1/2-1/2"]
[ECO "D27"]
[WhiteElo "1869"]
[BlackElo "1653"]
[Annotator ",martin-koller@seznam"]
[PlyCount "41"]
[TimeControl "240+2"]

{600MB, Fritz10.ctg} 1. d4 d5 2. c4 dxc4 3. e3 Nf6 4. Bxc4 e6 5. Nf3 c5 6. O-O
a6 7. a4 Nc6 8. Nc3 Be7 9. d5 exd5 10. Nxd5 O-O 11. h3 Nxd5 12. Bxd5 Nb4 13.
Bb3 Bf6 14. e4 Qc7 15. Qe2 Be5 16. Be3 b6 17. Rfc1 Bb7 18. a5 Bd6 19. e5 Be7
20. axb6 Qxb6 21. Nd2 1/2-1/2

[Event "K21"]
[Site "?"]
[Date "2024.08.02"]
[Round "9"]
[White "Artamonov, Mikhail"]
[Black "Reichmann, Steffen"]
[Result "1/2-1/2"]
[ECO "B25"]
[WhiteElo "1800"]
[BlackElo "1951"]
[Annotator ",martin-koller@seznam"]
[PlyCount "60"]
[TimeControl "240+2"]

{600MB, Fritz10.ctg} 1. e4 d6 2. Nf3 Nf6 3. Nc3 g6 4. g3 Bg7 5. Bg2 O-O 6. O-O
c5 7. d3 Nc6 8. Re1 Bg4 9. h3 Bd7 10. e5 dxe5 11. Nxe5 Nxe5 12. Rxe5 Qc8 13.
Rxe7 Bxh3 14. Bxb7 Qd8 15. Re1 Rb8 16. Bg2 Qd7 17. Rb1 Bxg2 18. Kxg2 Ng4 19.
Bf4 Bxc3 20. bxc3 Rxb1 21. Qxb1 Qd5+ 22. f3 g5 23. Qb3 c4 24. Qxc4 Qxc4 25.
dxc4 gxf4 26. fxg4 fxg3 27. Kxg3 Rb8 28. Re7 Rc8 29. Rxa7 Rxc4 30. Ra3 Kg7
1/2-1/2

[Event "K21"]
[Site "?"]
[Date "2024.08.02"]
[Round "9"]
[White "Adelmeyer, Nelly"]
[Black "Nelson, Wayne"]
[Result "1-0"]
[ECO "D04"]
[WhiteElo "1846"]
[BlackElo "1886"]
[Annotator ",martin-koller@seznam"]
[PlyCount "57"]
[TimeControl "240+2"]

{600MB, Fritz10.ctg} 1. d4 c6 2. Nf3 d5 3. e3 Bg4 4. Nbd2 Nf6 5. Bd3 e6 6. b3
Bd6 7. Bb2 O-O 8. O-O Qe7 9. c4 Ba3 10. Bc3 Bb4 11. Bxb4 Qxb4 12. Qc2 Qd6 13.
Ne5 Bh5 14. h3 Bg6 15. Nxg6 hxg6 16. f4 c5 17. cxd5 cxd4 18. dxe6 Qxe6 19. e4
Nc6 20. a3 Rac8 21. Bc4 Qe7 22. e5 Ne8 23. Qxg6 Nxe5 24. fxe5 Qxe5 25. Bxf7+
Kh8 26. Rf5 Qe2 27. Kh1 Rxf7 28. Rxf7 Qxd2 29. Rf8# 1-0